 Dungeon Crawl Stone Soup version 0.20.0 (webtiles) character file.

2151 Danakh the Chopper (level 9, -15/69 HPs)
             Began as a Demonspawn Fighter on May 29, 2017.
             Was an Initiate of Okawaru.
             Demolished by an ogre
             ... wielding a +0 giant spiked club
              (24 damage)
             ... on level 7 of the Dungeon.
             The game lasted 00:17:22 (6297 turns).

Danakh the Chopper (Demonspawn Fighter)             Turns: 6297, Time: 00:17:23

Health: -15/69     AC: 16    Str: 14    XL:     9   Next: 10%
Magic:  9/9        EV:  3    Int: 12    God:    Okawaru [......]
Gold:   379        SH: 11    Dex: 27    Spells: 8/8 levels left

rFire    . . .     SeeInvis .   L - +7 dagger of Entrepreneurial Spirit {flame, rN+++ Str-5 Dex+7}
rCold    . . .     Gourm    .   c - +0 shield
rNeg     + + +     Faith    .   u - +0 plate armour
rPois    .         Spirit   .   y - +2 helmet {Int+3}
rElec    .         Reflect  .   (no cloak)
rCorr    .         Harm     .   (no gloves)
MR       .....                  F - +0 pair of boots
Stlth    ..........             (no amulet)
Regen    0.3/turn               w - -2 ring of dexterity (curse)
MPRegen  0.2/turn               C - +4 ring of dexterity

@: no status effects
A: thin skeletal structure 2, blurry vision 1, demonic guardian 1, rot immunity
a: Renounce Religion


You were on level 7 of the Dungeon.
You worshipped Okawaru.
Okawaru was noncommittal.
You were hungry.

You visited 2 branches of the dungeon, and saw 8 of its levels.

You collected 379 gold pieces.

Inventory:

Hand Weapons
 a - a +0 war axe
 L - the +7 dagger of Entrepreneurial Spirit (weapon) {flame, rN+++ Str-5 Dex+7}
   (You found it on level 7 of the Dungeon)

   It has been specially enchanted to burn those struck by it, causing extra
   injury to most foes and up to half again as much damage against particularly
   susceptible opponents.
   It affects your strength (-5).
   It affects your dexterity (+7).
   It renders you almost immune to negative energy.
Armour
 c - a +0 shield (worn)
 u - a +0 plate armour (worn)
 y - a +2 helmet of intelligence (worn)
 F - a +0 pair of boots (worn)
Jewellery
 l - an uncursed ring of ice
 w - a cursed -2 ring of dexterity (left hand)
 C - a +4 ring of dexterity (right hand)
 M - an uncursed ring of see invisible
Wands
 D - a wand of confusion (7/48)
 E - a wand of iceblast (6/15)
 O - a wand of flame (19/48)
Scrolls
 b - 2 scrolls of remove curse {unknown}
 e - 2 scrolls of amnesia {unknown}
 i - 2 scrolls of noise {unknown}
 m - 4 scrolls of teleportation {unknown}
 n - 3 scrolls of fog {unknown}
 o - 10 scrolls of identify {unknown}
 s - 4 scrolls of immolation {unknown}
 z - 2 scrolls of recharging {unknown}
 A - a scroll of brand weapon {unknown}
 H - 2 scrolls of magic mapping {unknown}
 I - a scroll of fear {unknown}
 J - a scroll of blinking {unknown}
Potions
 d - 2 potions of might
 h - a potion of cancellation {unknown}
 j - 3 potions of heal wounds {unknown}
 k - 2 potions of haste {unknown}
 p - a potion of lignification {unknown}
 q - 2 potions of agility {unknown}
 r - 2 potions of curing
 v - 2 potions of ambrosia {unknown}
 x - a potion of mutation {unknown}
 B - 2 potions of resistance {unknown}
 K - a potion of degeneration {unknown}
Books
 G - a book of Cantrips

   Spells                             Type                      Level
   a - Confusing Touch                Hexes                        1
   b - Animate Skeleton               Necromancy                   1
   c - Summon Small Mammal            Summoning                    1
   d - Apportation                    Translocation                1
Comestibles
 f - 6 bread rations
 g - 6 fruits
 t - 4 meat rations
 N - 5 chunks of flesh


   Skills:
 + Level 5.8 Fighting
 * Level 2.0 Short Blades
 - Level 6.8 Axes
 + Level 5.2 Armour
 + Level 1.4 Dodging
 + Level 2.0 Stealth
 + Level 5.5 Shields


You had 8 spell levels left.
You didn't know any spells.

Dungeon Overview and Level Annotations

Branches:
Dungeon (7/15)             Temple (1/1) D:7

Altars:
Ashenzari
Cheibriados
Dithmenos
Elyvilon
Fedhas
Gozag
Hepliaklqana
Kikubaaqudgha
Makhleb
Nemelex Xobeh
Okawaru
Qazlal
Ru
Sif Muna
Trog
Uskayaw
Vehumet
Xom
Yredelemnul
Zin
The Shining One

Shops:
D:5 [

Annotations:
D:7 Prince Ribbit


Innate Abilities, Weirdness & Mutations

You have a moderately thin skeletal structure. (Dex +4, Stealth+)
A weak demonic guardian rushes to your aid.
You are immune to rotting.
Scrolls take you a little longer to read.


Message History

The ogre hits you with a giant spiked club!
You hit the ogre. You burn the ogre.
The ogre is heavily wounded.
You hit the ogre. You burn the ogre.
The ogre is severely wounded.
The ogre hits you with a giant spiked club!
You are too injured to fight recklessly!
You are too injured to fight recklessly!
You are too injured to fight recklessly!
You are too injured to fight recklessly!
You hit the ogre. You burn the ogre.
The ogre is severely wounded.
Your quasit disappears in a puff of smoke!
The ogre hits you with a giant spiked club!
* * * LOW HITPOINT WARNING * * *
You are feeling hungry.
You hit the ogre. You burn the ogre.
The ogre is almost dead.
The ogre hits you with a giant spiked club!!
You die...

######...############...
........................
######...รท###########...
########### #......# ####
#.........# #.#..>.#
#.#######.# #.###..# ###
#...# #.# #......# #..
###.#
#.#######O#############.#
###.#
#.......@.#.............#
....#
###########.###.........#
....###### #.#
#.........# .........#
#.######.####.#
....####.### #.#....#.#
#.# ....# #...#
#.#.#.##.# #.# #####
#...# #.#.#.##.# #.#
#######...# #.#.#.##.#
#.# #.........#
#...#.##.# #..


You could see an ogre.

Vanquished Creatures
  Edmund (D:5)
  An ice beast (D:6)
  2 phantoms
  A sky beast (D:7)
  3 centaurs (D:6)
  2 bullfrogs
  3 scorpions
  A howler monkey (D:5)
  A bullfrog zombie (D:5)
  2 hounds
  An orc priest (D:7)
  An orc wizard (D:4)
  A gnoll shaman (D:4)
  Ijyb (D:4)
  An iguana (D:5)
  2 worker ants
  A killer bee zombie (D:7)
  Robin (D:3)
  A howler monkey skeleton (D:6)
  9 adders
  5 gnolls
  A shadow imp (D:5)
  An ooze (D:7)
  2 adder zombies (D:7)
  3 adder skeletons
  4 worms
  A dart slug (D:4)
  9 leopard geckos
  10 orcs
  A ball python (D:1)
  5 giant cockroaches
  15 goblins
  12 hobgoblins
  7 jackals
  6 kobolds
  5 quokkas
  12 bats
  5 frilled lizards
  A jackal skeleton (D:4)
  8 rats
149 creatures vanquished.

Vanquished Creatures (collateral kills)
  A necrophage (D:7)
  2 ogres
  2 centaurs
  2 bullfrogs
  A scorpion (D:4)
  A howler monkey (D:6)
  A crimson imp (D:5)
  A centaur skeleton (D:7)
  An orc wizard (D:7)
  An iguana (D:4)
  A worker ant (D:6)
  A shadow imp (D:6)
  A worm (D:4)
  3 jackals (D:5)
  A goblin (D:3)
20 creatures vanquished.

Grand Total: 169 creatures vanquished

Notes
Turn   | Place    | Note
-------+----------+-------------------------------------------
     0 | D:1      | Danakh the Demonspawn Fighter began the quest for the Orb.
     0 | D:1      | Reached XP level 1. HP: 18/18 MP: 1/1
   126 | D:1      | Reached skill level 2 in Axes
   126 | D:1      | Gained mutation: A weak demonic guardian rushes to your aid. [demonic ancestry]
   126 | D:1      | Reached XP level 2. HP: 16/24 MP: 2/2
   865 | D:2      | Reached XP level 3. HP: 29/29 MP: 3/3
  1516 | D:3      | Reached XP level 4. HP: 35/35 MP: 4/4
  1581 | D:3      | Reached skill level 3 in Axes
  1594 | D:3      | Noticed Robin
  1620 | D:3      | Killed Robin
  2009 | D:3      | Reached XP level 5. HP: 26/41 MP: 5/5
  2540 | D:4      | Found a glowing golden altar of the Shining One.
  2602 | D:4      | Reached skill level 4 in Axes
  2741 | D:4      | Noticed an ogre
  2748 | D:4      | Killed an ogre
  2748 | D:4      | Gained mutation: You have a somewhat thin skeletal structure. (Dex +2, Stealth) [demonic ancestry]
  2748 | D:4      | Reached XP level 6. HP: 5/48 MP: 6/6
  3280 | D:4      | Noticed Ijyb
  3310 | D:4      | Killed Ijyb
  3430 | D:5      | Entered Level 5 of the Dungeon
  3461 | D:5      | Noticed Edmund
  3472 | D:5      | Killed Edmund
  3472 | D:5      | Gained mutation: You have a moderately thin skeletal structure. (Dex +4, Stealth+) [demonic ancestry]
  3472 | D:5      | Reached XP level 7. HP: 39/54 MP: 7/7
  3532 | D:5      | Reached skill level 5 in Axes
  3556 | D:5      | Found Wucleror's Antique Armour Boutique.
  3829 | D:5      | Noticed a moth of wrath
  3832 | D:5      | Found a bloodstained altar of Trog.
  4224 | D:6      | Reached XP level 8. HP: 51/61 MP: 8/8
  4252 | D:6      | Reached skill level 5 in Fighting
  4252 | D:6      | Reached skill level 6 in Axes
  4522 | D:6      | Reached skill level 5 in Shields
  4698 | D:6      | Reached skill level 5 in Armour
  5046 | D:7      | Noticed Prince Ribbit
  5334 | D:7      | Got a fine dagger
  5335 | D:7      | Identified the +7 dagger of Entrepreneurial Spirit {flame, rN+++ Str-5 Dex+7} (You found it on level 7 of the Dungeon)
  5489 | D:7      | Reached skill level 1 in Stealth
  5490 | D:7      | Found a staircase to the Ecumenical Temple.
  5493 | D:7      | Reached skill level 1 in Short Blades
  5517 | Temple   | Entered the Ecumenical Temple
  5763 | Temple   | Became a worshipper of Warmaster Okawaru
  5801 | D:7      | Reached skill level 1 in Dodging
  6141 | D:7      | Gained mutation: You are immune to rotting. [demonic ancestry]
  6141 | D:7      | Reached XP level 9. HP: 69/69 MP: 9/9
  6187 | D:7      | Gained mutation: Scrolls take you a little longer to read. [mutagenic meat]
  6297 | D:7      | Demolished by an ogre

Skill      XL: |  1  2  3  4  5  6  7  8  9 |
---------------+----------------------------+-----
Axes           | 2 3 4 5 6 |  6.8
Shields        | 3 4 5 |  5.5
Armour         | 3 4 5 |  5.2
Fighting       | 4 5 |  5.8
Stealth        | 1 2 |  2.0
Short Blades   | 1 2 |  2.0
Dodging        | 1 |  1.4

Action                   |  1- 3 |  4- 6 |  7- 9 || total
-------------------------+-------+-------+-------++-------
Melee: War axe           |   131 |   197 |   219 ||   547
       Dagger            |       |       |    93 ||    93
 Stab: Distracted        |       |       |     5 ||     5
  Eat: Chunk             |     2 |     6 |    11 ||    19
Armor: Scale mail        |    57 |       |       ||    57
       Plate armour      |    24 |   138 |   235 ||   397
Dodge: Dodged            |    42 |    17 |    39 ||    98
Block: Shield            |    85 |   111 |   164 ||   360
